 Dungeon Crawl Stone Soup version 0.28-a0-1117-g0bdd5ba030 (webtiles) character file.

Game seed: 3821433191671097848

32 fragbeetle the Insei (level 3, 0/27 HPs)
             Began as a Merfolk Transmuter on Dec 11, 2021.
             Slain by a hobgoblin (3 damage)
             ... on level 1 of the Dungeon.
             The game lasted 00:03:25 (1042 turns).

fragbeetle the Insei (Merfolk Transmuter)           Turns: 1042, Time: 00:03:26

Health: 0/27       AC:  2    Str: 12    XL:     3   Next: 25%
Magic:  5/6        EV: 13    Int: 12    God:
Gold:   78         SH:  0    Dex: 14    Spells: 5/6 levels left

rFire   . . .      SeeInvis .     - Unarmed
rCold   . . .      Faith    .   (no shield)
rNeg    . . .      Spirit   .   a - +0 robe
rPois   .          Reflect  .   (helmet currently unavailable)
rElec   .          Harm     .   (no cloak)
rCorr   .          Rampage  .   (no gloves)
Will    .....                   (boots currently unavailable)
Stlth   +.........              (no amulet)
HPRegen 0.09/turn               (no ring)
MPRegen 0.10/turn               (no ring)

@: appendages (expiring)
A: horns 2, (nimble swimmer 2), mertail
a: End Transformation


You were on level 1 of the Dungeon.
You had temporarily grown beastly horns.
You visited 1 branch of the dungeon, and saw 2 of its levels.

You collected 78 gold pieces.

Inventory:

Armour
 a - a +0 robe (worn)


   Skills:
 * Level 1.7 Fighting
 * Level 3.1 Dodging
 + Level 0.3 Stealth
 + Level 3.6 Unarmed Combat
 + Level 2.1 Spellcasting
 * Level 3.5 Transmutations


You had 5 spell levels left.
You knew the following spells:

 Your Spells              Type           Power      Damage    Failure   Level
a - Beastly Appendage     Tmut           18%        N/A       6%          1

Your spell library contained the following spells:

 Spells                   Type           Power      Damage    Failure   Level
 Wereblood                Tmut           9%         N/A       10%         2
 Spider Form              Tmut/Pois      5%         N/A       36%         3
 Ice Form                 Ice/Tmut       5%         N/A       78%         4


Dungeon Overview and Level Annotations

Branches:
Dungeon (2/15)

Altars:
Wu Jian


Innate Abilities, Weirdness & Mutations

You have temporarily grown beastly horns.
((You are quick and stealthy near water. (Stealth+, EV+, Speed+++)))
Your lower body shifts to a powerful aquatic tail in water.


Message History

You hit the hobgoblin but do no damage. Your headbutt misses the hobgoblin.
The hobgoblin is heavily wounded.
A nearby fungus withers and dies.
The bat closely misses you. The hobgoblin barely misses you.
You hit the hobgoblin.
You headbutt the hobgoblin, but do no damage.
The hobgoblin is almost dead.
The hobgoblin misses you. The rat bites you.
You hit the hobgoblin but do no damage.
The hobgoblin is almost dead.
The hobgoblin hits you. The rat misses you.
You hit the rat.
You kill the rat!
The bat hits you but does no damage. The bat barely misses you.
The hobgoblin completely misses you.
You miss the bat. The bat hits you but does no damage.
The hobgoblin closely misses you.
You hit the bat but do no damage. You headbutt the bat.
You kill the bat!
The hobgoblin misses you.
You hit the hobgoblin.
You kill the hobgoblin!
Your horns disappear.
You barely miss the hobgoblin. Your punch misses the hobgoblin.
The hobgoblin barely misses you.
Casting: Beastly Appendage (safe; 6% risk of failure)
Confirm with . or Enter, or press ? or * to list all spells.
You grow a pair of large bovine horns.
The hobgoblin hits you.
You closely miss the hobgoblin. The hobgoblin hits you.
You hit the hobgoblin but do no damage. The hobgoblin hits you.
* * * LOW HITPOINT WARNING * * *
You hit the hobgoblin but do no damage. You headbutt the hobgoblin.
The hobgoblin is moderately wounded.
Your transformation is almost over.
The hobgoblin hits you.
* * * LOW HITPOINT WARNING * * *
You hit the hobgoblin. Your headbutt misses the hobgoblin.
The hobgoblin is heavily wounded.
The hobgoblin hits you.
You die...

#.########..# #.#
#.....[.....# #.# ##
##########.## #.# ...
### #####.# #.# #.##..
#.....# #.# .....
#..P..# #.#
#...######....# #.#
#..#..#_#..).# #.#
#..#@.#.#.≈P.# #.#
#..gP....#...# #.#
#......⌠⌠...#P..#####.#
#......⌠⌠⌠..#.P.>.....#
#.#..P..≈PP.#P..#######
.. ##..P..PPP.#..# #
#.P..P.P..#.##
#############


You could see a hobgoblin.

Vanquished Creatures
  A dart slug (D:2)
  2 ball pythons (D:1)
  2 bats
  3 endoplasms (D:1)
  3 goblins (D:1)
  2 hobgoblins
  4 jackals (D:1)
  11 rats
28 creatures vanquished.

Vanquished Creatures (others)
  A fungus (D:1)
  A plant (D:1)
2 creatures vanquished.

Grand Total: 30 creatures vanquished

Notes
Turn   | Place    | Note
-------+----------+-------------------------------------------
     0 | D:1      | fragbeetle the Merfolk Transmuter began the quest for the
                  | Orb.
     0 | D:1      | Reached XP level 1. HP: 15/15 MP: 3/3
    85 | D:1      | Reached XP level 2. HP: 21/21 MP: 5/5
   122 | D:1      | HP: 1/21 [constriction (1)]
   837 | D:1      | Found a faded altar of an unknown god.
   837 | D:1      | You fall into a shaft and drop 1 floor!
   877 | D:2      | Reached XP level 3. HP: 24/27 MP: 4/6
   970 | D:2      | Found an ornate altar of the Wu Jian Council.
  1042 | D:1      | Slain by a hobgoblin

Illustrated notes

Levels and vault maps discovered:
D:1:      giann_forest_graveyard, layout_loops_ring,
          shapermc_ecumenical_altar_mp_ritualfount, minmay_misc_feat_tiny,
          minmay_rat_gold_closets
D:2:      layout_loops_ring, basic_altar, dk_noncrumbling_2, minivault_11,
          uniq_natasha

Skill      XL: |  1  2  3 |
---------------+----------+-----
Transmutations | 3 |  3.5
Dodging        | 3 |  3.1
Fighting       | |  1.7
Stealth        | |  0.3
Unarmed Combat | |  3.6
Spellcasting   | |  2.1

Action                   || total
-------------------------++-------
Melee: Unarmed           ||    98
       Headbutt          ||    11
 Cast: Beastly Appendage ||    19
 Stab: Sleeping          ||     3
Armor: Robe              ||    17
Dodge: Dodged            ||    66

Table legend: (Time is in decaauts)
 A = Elapsed time spent in this place.
 B = Non-inter-level travel time spent in this place.
 C = Inter-level travel time spent in this place.
 D = Time resting spent in this place.
 E = Time spent auto-exploring this place.
 F = Levels seen in this place.
 G = Mean time per level.
                   A        B        C        D        E       F      G
               +--------+--------+--------+--------+--------+-----+--------+
         Total |   1035 |   1035 |      0 |    420 |    220 |   2 |  517.5 |
       Dungeon |   1035 |   1035 |      0 |    420 |    220 |   2 |  517.5 |
               +--------+--------+--------+--------+--------+-----+--------+

Top non-repeatable levels by time:
     D:1: 895 daAuts
     D:2: 140 daAuts
